Cogmind - Beta 15 *** ADVENTURER MODE // 2025.09.20 @ 00:27:12 Player: Olexender Result: Destroyed by Cetus Guard with Advanced KE Penetrator Performance ------------- Evolutions (6) 3000 Regions Visited (12) 2400 Robots Destroyed (97) 485 Value Destroyed (4474) 4474 Prototype IDs (1) 20 Alien Tech Used (0) 0 Bonus (1155) 1155 TOTAL SCORE: 11534 Bonus ------- Follower Combat Kills 155 Entered DSFs 1000 Cogmind --------- Core Integrity 0/1150 Matter 300/300 Energy 67/100 System Corruption 6% Temperature Cool (18) Movement Core (50) Location -4/Cetus Parts ------- > --- POWER (2) -------- (None) > --- PROPULSION (7) --- (None) > --- UTILITY (7) ------ Machine Analyzer > --- WEAPON (3) ------- (None) > --- INVENTORY (5) ---- Wheel Energy Well (350) Medium Matter Pod (100) Peak State ------------ > --- POWER ------------ Micro Nuclear Core Fission Core > --- PROPULSION ------- Improved Titanium Leg Improved Titanium Leg Improved Titanium Leg Improved Titanium Leg Improved Titanium Leg Improved Titanium Leg Armored Leg > --- UTILITY ---------- Improved Cooling System High-capacity Storage Unit Machine Analyzer Active Sensor Suite Advanced Thermal Shield > --- WEAPON ----------- Phase Cannon Heavy Mass Driver > --- INVENTORY -------- Light Nuclear Core Improved Cooling System Improved Coolant Injector Energy Well Medium Matter Pod Improved Terrain Scanner Matter Filter Matter Filter Energy Filter Advanced Thermal Shield Particle Cannon Phase Cannon Advanced Assault Cannon Advanced Assault Cannon Advanced Assault Cannon Magnetic Acceleration Cannon Powered Hammer Powered Hammer Powered Hammer Axe [Rating: 105] Favorites ----------- Power Light Nuclear Core Engine Ion Engine Power Core Light Nuclear Core Reactor Light Antimatter Reactor Propulsion Improved Titanium Leg Leg Improved Titanium Leg Wheel Wheel Utility High-capacity Storage Unit Device Improved Cooling System Storage High-capacity Storage Unit Processor Machine Analyzer Protection Hardened Medium Armor Plating Weapon Phase Cannon Energy Gun Beam Rifle Energy Cannon Phase Cannon Ballistic Gun Gauss Rifle Ballistic Cannon Advanced Assault Cannon Impact Weapon Powered Hammer Slashing Weapon Phasing Sabre Build | -11 -10 -10 -9 -8 -7 -7 -6 -5 -5 -4 -4 -4 ------- Run | Yrd Mat Min Mat Mat Fac DSF Fac Fac DSF Fac Ext Cet Slots Evolved 12 | . . . 2 2 2 . 2 2 . 2 . . Power 1 | . . . . 1 . . . . . . . . Propulsion 5 | . . . 1 . 1 . 1 1 . 1 . . Utility 5 | . . . 1 . 1 . 1 1 . 1 . . Weapon 1 | . . . . 1 . . . . . . . . Parts Attached 92 | 6 3 . 8 5 3 10 6 7 5 3 32 4 Power 12 | 1 . . 1 2 1 . . 1 1 . 5 . Engine 2 | 1 . . . 1 . . . . . . . . Core 6 | . . . 1 1 1 . . 1 1 . 1 . Reactor 4 | . . . . . . . . . . . 4 . Propulsion 33 | 2 1 . 3 . 1 6 3 2 . . 12 3 Treads . | . . . . . . . . . . . . . Leg 26 | 2 . . 3 . 1 6 3 2 . . 9 . Wheel 7 | . 1 . . . . . . . . . 3 3 Hover . | . . . . . . . . . . . . . Flight . | . . . . . . . . . . . . . Utility 28 | 1 1 . 1 2 1 2 2 4 3 3 7 1 Device 18 | . 1 . . 1 . 2 . 1 3 3 6 1 Storage 5 | 1 . . . 1 1 . 2 . . . . . Processor 1 | . . . . . . . . 1 . . . . Hackware . | . . . . . . . . . . . . . Protection 4 | . . . 1 . . . . 2 . . 1 . Artifact . | . . . . . . . . . . . . . Weapon 19 | 2 1 . 3 1 . 2 1 . 1 . 8 . Energy Gun 3 | 1 1 . 1 . . . . . . . . . Energy Cannon 3 | . . . 1 . . . 1 . . . 1 . Ballistic Gun 3 | 1 . . 1 1 . . . . . . . . Ballistic Cannon 7 | . . . . . . 2 . . 1 . 4 . Launcher . | . . . . . . . . . . . . . Special Weapon . | . . . . . . . . . . . . . Impact Weapon 2 | . . . . . . . . . . . 2 . Slashing Weapon 1 | . . . . . . . . . . . 1 . Piercing Weapon . | . . . . . . . . . . . . . Special Melee Weapon . | . . . . . . . . . . . . . Unidentified Prototypes 1 | . . . . . . . . . 1 . . . Parts Lost 63 | . 2 . 1 1 . . . . 3 3 36 17 Power 10 | . . . 1 . . . . . 1 1 6 1 Propulsion 24 | . 2 . . . . . . . . 1 15 6 Utility 17 | . . . . . . . . . 2 1 7 7 Weapon 12 | . . . . 1 . . . . . . 8 3 Highest Loss Streak 17 | . 2 . 1 1 . . . . 3 2 12 17 To Critical Strikes 5 | . . . . . . . . . . . 2 3 Average Backups 12 | 1 . 2 4 8 8 11 15 16 19 19 12 7 Power . | . . . . . . 1 . 1 1 . . . Propulsion . | . . . . 1 . 1 1 1 1 . 1 4 Utility 6 | . . 1 2 5 3 3 5 5 8 9 8 3 Weapon 5 | . . 1 . 1 4 5 7 9 9 9 3 . Tool/Special . | . . . . . . . . . . . . . Unused Backups 15 | . . . 1 2 . 1 . . 1 . 4 6 Power . | . . . . . . . . . . . . . Propulsion 5 | . . . . . . . . . . . 2 3 Utility 5 | . . . . 2 . . . . 1 . . 2 Weapon 5 | . . . 1 . . 1 . . . . 2 1 Tool/Special . | . . . . . . . . . . . . . Average Slot Usage (%) 79 | . 83 85 77 93 85 96 93 98 86 81 64 59 Engine 1 | . 14 14 1 3 . . . . . . . . Core 8 | . . . 4 11 15 15 13 11 10 10 4 3 Leg 24 | . 23 . 15 27 24 30 33 34 34 33 14 12 Wheel 1 | . 1 14 6 . . . . . . . 1 2 Device 13 | . 1 14 11 9 7 11 13 11 9 14 17 17 Storage 6 | . 14 14 11 9 7 7 6 5 5 5 5 2 Processor 3 | . . . . . . . . 4 5 5 5 5 Protection 2 | . . . 4 9 7 7 6 10 3 . . . Energy Gun 1 | . 14 14 6 1 . . . . . . . . Energy Cannon 5 | . . . 8 9 7 7 6 5 5 5 3 . Ballistic Gun 3 | . 14 14 6 12 15 1 5 5 2 . . . Ballistic Cannon 4 | . . . . . . 13 6 5 5 5 5 . Peak Build Rating 105 | 6 6 6 22 32 36 47 55 68 94 105 100 67 Average Rating 62 | 3 5 6 13 27 32 41 53 67 82 101 68 51 On Entrance 41 | . 6 6 6 22 32 35 47 55 68 94 100 67 Naked Turns . | . . . . . . . . . . . . . Heaviest Build 112 | 12 14 14 26 43 52 58 78 85 90 94 112 82 Greatest Support 120 | 20 20 10 45 45 60 76 100 116 116 120 100 65 Greatest Overweight (x) 23 | . 4 1 1 . . . . . . . 23 3 Average Overweight (x) . | . . 1 . . . . . . . . 1 . Largest Inventory Capacity 20 | 8 8 8 8 10 15 15 20 20 20 20 20 20 Average Capacity 16 | 6 8 8 8 9 11 15 19 20 20 20 20 13 Most Carried 20 | 5 3 2 8 10 10 15 19 19 20 20 20 11 Average Carried 13 | 1 . 2 4 8 8 11 15 16 19 19 12 7 Final Capacity 20 | 8 8 8 8 10 15 15 20 20 20 20 20 5 Final Carried 20 | . 2 2 8 9 8 15 19 17 20 20 11 3 Class Distribution -------------------- 27% | Mutant 21% | Tank 21% | Skirmisher 19% | Scavenger-Skirmisher 9% | Scavenger-Mutant Dominant Class ---------------- Mutant | -10/Materials Mutant | -10/Mines Mutant | -9/Materials Tank | -8/Materials Tank | -7/Factory Tank | -7/DSF Tank | -6/Factory Tank | -5/Factory Scavenger-Skirmisher | -5/DSF Scavenger-Skirmisher | -4/Factory Scavenger-Mutant | -4/Extension Scavenger-Mutant | -4/Cetus Resources | -11 -10 -10 -9 -8 -7 -7 -6 -5 -5 -4 -4 -4 ----------- Run | Yrd Mat Min Mat Mat Fac DSF Fac Fac DSF Fac Ext Cet Matter Collected 3079 | 229 184 . 176 110 . 327 32 . 543 468 1010 . Remotely 411 | . . . . . . 213 32 . 166 . . . Salvage Created 3791 | . 294 . 619 283 . 271 32 . 500 397 1395 . Parts 179 | . 22 . 40 17 . 18 2 . 25 19 36 . Haulers Intercepted . | . . . . . . . . . . . . . Recyclers Shooed 2 | . 1 . . . . . . . . . 1 . Parts Field Recycled . | . . . . . . . . . . . . . Retrieved Matter . | . . . . . . . . . . . . . Parts Self-Destructed . | . . . . . . . . . . . . . Prevented . | . . . . . . . . . . . . . Kills | -11 -10 -10 -9 -8 -7 -7 -6 -5 -5 -4 -4 -4 ------- Run | Yrd Mat Min Mat Mat Fac DSF Fac Fac DSF Fac Ext Cet Combat Hostiles Destroyed 84 | . 10 . 14 5 . 10 . . 11 10 24 . Melee 2 | . . . . . . . . . . . 2 . Guns 23 | . 10 . 8 3 . . . . 2 . . . Cannons 54 | . . . 6 2 . 9 . . 9 10 18 . Classes Destroyed 13 | . 4 . 1 1 . 2 . . 2 2 1 . Worker 2 | . 1 . . . . . . . . . 1 . Operator 1 | . . . . . . . . . . 1 . . Watcher 10 | . 1 . 4 . . . 1 . . 2 2 . Swarmer 13 | . 6 . 3 . . 4 . . . . . . Cutter 6 | . . . . . . 3 . . 3 . . . Grunt 30 | . 4 . 8 1 . 2 . . 4 . 11 . Duelist 1 | . . . . . . . . . 1 . . . Sentry 15 | . . . 3 3 . . . . . 3 6 . Specialist 2 | . . . . . . . . . 2 . . . Hunter 6 | . . . . 1 . . . . . . 5 . Programmer 7 | . . . . . . . . . . 7 . . Heavy 2 | . . . . . . 1 . . 1 . . . Behemoth 2 | . . . . . . . . . . . 2 . Best Kill Streak 7 | . 7 . 4 4 . 4 1 . 6 2 5 . Combat Bots Only 6 | . 5 . 4 4 . 4 . . 6 2 4 . Max Kills in Single Turn 2 | . 1 . 1 1 . 1 1 . 2 1 1 . Gunslinging . | . . . . . . . . . . . . . Exploded . | . . . . . . . . . . . . . Melee 1 | . . . . . . . . . . . 1 . Uniques/NPCs Destroyed . | . . . . . . . . . . . . . Combat | -11 -10 -10 -9 -8 -7 -7 -6 -5 -5 -4 -4 -4 -------- Run | Yrd Mat Min Mat Mat Fac DSF Fac Fac DSF Fac Ext Cet Hostile Shots Fired 887 | . 113 . 62 27 . 26 . . 60 64 454 81 Missed 265 | . 35 . 25 6 . 7 . . 17 19 133 23 Hits 622 | . 78 . 37 21 . 19 . . 43 45 321 58 Melee 6 | . . . . . . 1 . . 5 . . . Projectile 616 | . 78 . 37 21 . 18 . . 38 45 321 58 AOE 4 | . . . . . . 2 . . 2 . . . Critical Strikes 42 | . 1 . . . . . . . 5 6 18 12 Actively Blocked 1 | . . . . . . . . . 1 . . . Damage Taken 9596 | . 532 . 363 218 . 419 . . 1159 911 4755 1239 Core 1424 | . 111 . 84 . . 44 . . 21 52 803 309 Absorbed by Shields . | . . . . . . . . . . . . . Redirected to Shielding 103 | . . . . . . . . . 103 . . . Ignored by Resistances 3004 | . 180 . 111 62 . 115 . . 309 247 1648 332 Core Remaining (%) 89 | 100 . 55 79 100 . 93 100 . 97 . . . Volleys Fired 255 | . 33 . 45 14 . 20 1 . 26 34 82 . Largest 3 | . 2 . 2 3 . 3 3 . 3 2 3 . Hottest 184 | . 70 . 124 147 . 148 153 . 153 150 184 . Shots Fired 577 | . 61 . 90 36 . 60 3 . 69 67 191 . Gun 160 | . 61 . 58 23 . . 1 . 17 . . . Cannon 417 | . . . 32 13 . 60 2 . 52 67 191 . Launcher . | . . . . . . . . . . . . . Special . | . . . . . . . . . . . . . Kinetic 327 | . 33 . 35 17 . 40 2 . 43 34 123 . Thermal 250 | . 28 . 55 19 . 20 1 . 26 33 68 . Explosive . | . . . . . . . . . . . . . Electromagnetic . | . . . . . . . . . . . . . Robot Hit Streak 26 | . 9 . 16 8 . 8 2 . 15 19 26 . Robot Miss Streak 3 | . 2 . 2 3 . 2 . . 2 3 2 . Penetration Max 1 | . . . . . . . . . 1 1 . . Secondary Targets 5 | . 4 . 1 . . . . . . . . . Max Gunslinging Chain 1 | . 1 . 1 . . . . . . . . . Shots Hit Robots 442 | . 44 . 72 20 . 33 1 . 53 50 163 6 Core Hits 168 | . 18 . 27 8 . 13 1 . 20 15 65 1 Critical Kills 3 | . . . . . . 1 . . . . 2 . Critical Parts Destroyed 2 | . . . . . . . . . . . 1 1 Critical Strikes 25 | . . . 1 . . 5 . . 1 4 13 1 Burn 1 | . . . 1 . . . . . . . . . Meltdown 3 | . . . . . . 1 . . . . 2 . Blast 18 | . . . . . . 4 . . 1 4 9 . Smash 2 | . . . . . . . . . . . 1 1 Sever 1 | . . . . . . . . . . . 1 . Melee Attacks 28 | . . . . . . . . . . . 22 6 Impact 12 | . . . . . . . . . . . 9 3 Slashing 16 | . . . . . . . . . . . 13 3 Piercing . | . . . . . . . . . . . . . Sneak Attacks . | . . . . . . . . . . . . . Combat Hostiles . | . . . . . . . . . . . . . Follow-up Attacks 5 | . . . . . . . . . . . 4 1 Damage Inflicted 12929 | . 483 . 1156 324 . 856 30 . 1874 2809 5157 240 Guns 1565 | . 483 . 597 181 . . . . 304 . . . Cannons 10526 | . . . 559 143 . 856 30 . 1570 2790 4578 . Explosions 19 | . . . . . . . . . . 19 . . Melee 819 | . . . . . . . . . . . 579 240 Ramming . | . . . . . . . . . . . . . Kinetic 7520 | . 209 . 310 136 . 589 . . 1328 2045 2903 . Thermal 4571 | . 274 . 846 188 . 267 30 . 546 745 1675 . Explosive 19 | . . . . . . . . . . 19 . . Electromagnetic . | . . . . . . . . . . . . . Impact 359 | . . . . . . . . . . . 246 113 Slashing 460 | . . . . . . . . . . . 333 127 Piercing . | . . . . . . . . . . . . . Highest Corruption 6 | . . . . . . . . . . 6 6 6 Average Corruption 4 | . . . . . . . . . . 3 6 6 Corruption Purged . | . . . . . . . . . . . . . Corruption Blocked . | . . . . . . . . . . . . . Effects 66 | . . . . . . . . . . 20 45 1 Message Errors 14 | . . . . . . . . . . 4 10 . Matter Fused 16 | . . . . . . . . . . 6 10 . Heat Flow Errors 7 | . . . . . . . . . . 2 5 . Energy Discharges 5 | . . . . . . . . . . 1 3 1 Parts Rejected 1 | . . . . . . . . . . . 1 . Data Loss (minor) 8 | . . . . . . . . . . . 8 . Data Loss (major) 4 | . . . . . . . . . . 4 . . Misfires 4 | . . . . . . . . . . 1 3 . Alerts 1 | . . . . . . . . . . . 1 . Weapon Failures 6 | . . . . . . . . . . 2 4 . Overload Shots . | . . . . . . . . . . . . . Overflow Damage 667 | . . . 1 . . . . . 159 390 81 36 Projectiles 593 | . . . 1 . . . . . 159 390 43 . Explosions . | . . . . . . . . . . . . . Melee 74 | . . . . . . . . . . . 38 36 Knockbacks 43 | . . . . . . 6 . . 4 7 26 . Impact . | . . . . . . . . . . . . . Kinetic 39 | . . . . . . 6 . . 4 7 22 . Secondary 4 | . . . . . . . . . . . 4 . Self-Inflicted Damage 70 | . . . . . . . . . . 70 . . Shots 1 | . . . . . . . . . . 1 . . Rammed . | . . . . . . . . . . . . . Targets Rammed . | . . . . . . . . . . . . . Kicked . | . . . . . . . . . . . . . Crushed . | . . . . . . . . . . . . . Highest Temperature 348 | . 214 . 244 348 . 97 57 . 51 160 187 . Average Temperature 56 | . 84 . 46 130 . 19 29 . 21 58 32 . Received Heat Transfer 1800 | . 186 . 222 45 . 45 . . 210 126 732 234 Effects 1 | . . . . 1 . . . . . . . . Short Circuit 1 | . . . . 1 . . . . . . . . Siege Activations . | . . . . . . . . . . . . . Martial Activations . | . . . . . . . . . . . . . Shielding Activations . | . . . . . . . . . . . . . Robots Disrupted . | . . . . . . . . . . . . . Combat Hostiles . | . . . . . . . . . . . . . Robots Corrupted 2 | . . . . . . . . . . . 2 . Combat Hostiles 2 | . . . . . . . . . . . 2 . Parts Fried 4 | . . . . . . . . . . . 4 . Impact Corruptions 4 | . . . . . . . . . . . 3 1 Robots Melted 3 | . . . . . . 1 . . . . 2 . Combat Hostiles 3 | . . . . . . 1 . . . . 2 . Parts Melted 16 | . 2 . 6 1 . 1 . . . . 6 . Heat Transferred 6947 | . 731 . 1813 370 . 481 37 . 666 814 2035 . Parts Sabotaged . | . . . . . . . . . . . . . Parts Stolen . | . . . . . . . . . . . . . Parts Stripped . | . . . . . . . . . . . . . Power Chain Reactions . | . . . . . . . . . . . . . Alert | -11 -10 -10 -9 -8 -7 -7 -6 -5 -5 -4 -4 -4 ------- Run | Yrd Mat Min Mat Mat Fac DSF Fac Fac DSF Fac Ext Cet Maximum Alert Level 1 | . . . . . . 1 . . 1 1 1 . Low Security (%) 94 | 100 100 100 100 100 100 52 100 100 66 97 99 100 Level 1 5 | . . . . . . 47 . . 33 2 . . Level 2 . | . . . . . . . . . . . . . Level 3 . | . . . . . . . . . . . . . Level 4 . | . . . . . . . . . . . . . Level 5 . | . . . . . . . . . . . . . High Security . | . . . . . . . . . . . . . Max Security . | . . . . . . . . . . . . . Sterilizations 2 | . . . . . . 1 . . 1 . . . Peak Influence 254 | . 134 40 119 95 17 254 115 1 222 215 209 . Initial 115 | . . 40 6 35 17 . 115 1 . 100 46 . Average 67 | . 91 31 38 45 6 159 47 . 138 83 53 . Influence Increases 2848 | . 244 . 413 150 . 254 11 . 252 591 933 . Destroy 0b10 Robot/C 1740 | . 200 . 280 100 . 200 . . 220 200 540 . Destroy 0b10 Robot/NC 65 | . 10 . 20 . . . 5 . . 15 15 . Destroy Leader 350 | . 32 . 88 40 . 30 2 . 30 74 54 . Allied During Kill 11 | . . . . . . . . . . . 11 . Successful Hack 41 | . 2 . 8 8 . . 4 . . 5 14 . Disable Machine 27 | . . . . . . 9 . . . 18 . . Destroy Structure 124 | . . . 2 2 . . . . 2 64 54 . Lose Combat Pursuer 90 | . . . 15 . . 15 . . . 15 45 . Active Sensor Use 400 | . . . . . . . . . . 200 200 . Influence Decreases 2848 | . 120 104 334 204 45 . 261 4 30 701 1045 . Entered New Map 520 | . . 84 14 64 28 . 139 3 . 122 66 . Time Decay 1835 | . 100 20 310 130 17 . 122 1 . 549 586 . Lost Part 448 | . 20 . 10 10 . . . . 30 30 348 . Lost Ally 45 | . . . . . . . . . . . 45 . Squads Dispatched 17 | . 1 . 2 1 . 2 . . 2 5 4 . Investigation 8 | . 1 . 2 . . . . . . 2 3 . Extermination 3 | . . . . . . . . . . 3 . . Reinforcement 6 | . . . . 1 . 2 . . 2 . 1 . Assault . | . . . . . . . . . . . . . Garrison . | . . . . . . . . . . . . . Intercept . | . . . . . . . . . . . . . Searches Triggered . | . . . . . . . . . . . . . Construction Impeded 1 | . . . . . . . . . . . 1 . Haulers Reinforced . | . . . . . . . . . . . . . Active Scanning Responses 4 | . . . . . . . . . . 2 2 . Cargo Convoy Interrupts 1 | . . . . . . . . . . 1 . . Stealth | -11 -10 -10 -9 -8 -7 -7 -6 -5 -5 -4 -4 -4 --------- Run | Yrd Mat Min Mat Mat Fac DSF Fac Fac DSF Fac Ext Cet Distress Signals 12 | . . . 4 . . . . . . 4 3 1 Communications Jammed . | . . . . . . . . . . . . . Distress Signals . | . . . . . . . . . . . . . Times Spotted 120 | . 13 . 23 6 . 11 1 . 11 16 34 5 Peak Tracking Total 8 | . 5 . 5 3 . 3 1 . 4 3 8 5 Tactical Retreats 5 | . . . 1 . . 1 . . . 1 2 . Traps | -11 -10 -10 -9 -8 -7 -7 -6 -5 -5 -4 -4 -4 ------- Run | Yrd Mat Min Mat Mat Fac DSF Fac Fac DSF Fac Ext Cet Traps Triggered 4 | . . . 1 . . . . . 1 2 . . Indirectly . | . . . . . . . . . . . . . Trap Hack Attempts . | . . . . . . . . . . . . . Triggered . | . . . . . . . . . . . . . Disarmed . | . . . . . . . . . . . . . Reprogrammed . | . . . . . . . . . . . . . Reused . | . . . . . . . . . . . . . Traps Extracted . | . . . . . . . . . . . . . Installed . | . . . . . . . . . . . . . Triggered . | . . . . . . . . . . . . . Machines | -11 -10 -10 -9 -8 -7 -7 -6 -5 -5 -4 -4 -4 ---------- Run | Yrd Mat Min Mat Mat Fac DSF Fac Fac DSF Fac Ext Cet Machines Disabled 4 | . . . . . . 1 . . 1 2 . . Max in Single Turn 2 | . . . . . . 1 . . 1 2 . . Garrison Access 3 | . . . . . 1 . 1 . . 1 . . Machines Repaired . | . . . . . . . . . . . . . Machines Dismantled . | . . . . . . . . . . . . . Machines Sabotaged . | . . . . . . . . . . . . . Overloaded Fab Kills . | . . . . . . . . . . . . . Hacking | -11 -10 -10 -9 -8 -7 -7 -6 -5 -5 -4 -4 -4 --------- Run | Yrd Mat Min Mat Mat Fac DSF Fac Fac DSF Fac Ext Cet Machines Accessed 24 | . 2 . 5 1 2 . 2 1 . 7 4 . Terminals 15 | . 1 . 4 1 1 . 1 1 . 2 4 . Fabricators . | . . . . . . . . . . . . . Repair Stations . | . . . . . . . . . . . . . Recycling Units 5 | . 1 . 1 . . . . . . 3 . . Scanalyzers 1 | . . . . . . . . . . 1 . . Garrison Access 3 | . . . . . 1 . 1 . . 1 . . Total Hacks 60 | . 4 . 19 2 3 . 4 1 . 15 12 . Successful 40 | . 4 . 14 1 2 . 2 1 . 8 8 . Failed 20 | . . . 5 1 1 . 2 . . 7 4 . Catastrophic 1 | . . . 1 . . . . . . . . . Database Lockouts . | . . . . . . . . . . . . . Manual 1 | . . . . . . . . . . 1 . . Terminals 43 | . 3 . 18 2 1 . 1 1 . 5 12 . Fabricators . | . . . . . . . . . . . . . Repair Stations . | . . . . . . . . . . . . . Recycling Units 6 | . 1 . 1 . . . . . . 4 . . Scanalyzers 4 | . . . . . . . . . . 4 . . Garrison Access 7 | . . . . . 2 . 3 . . 2 . . Terminal Hacks 31 | . 3 . 13 1 1 . 1 1 . 3 8 . Record 15 | . 3 . 7 1 . . . . . 2 2 . Open Door 1 | . . . . . . . . . . . 1 . Open DSF 3 | . . . . . 1 . 1 1 . . . . Emergency Access Points 1 | . . . 1 . . . . . . . . . Alert Level 4 | . . . 2 . . . . . . . 2 . Locate Traps 1 | . . . . . . . . . . . 1 . Dispatch Records 1 | . . . 1 . . . . . . . . . Investigation Status 2 | . . . 2 . . . . . . . . . Zone Layout 3 | . . . . . . . . . . 1 2 . Fabricator Hacks . | . . . . . . . . . . . . . Repair Station Hacks . | . . . . . . . . . . . . . Recycling Unit Hacks 3 | . 1 . 1 . . . . . . 1 . . Report Inventory 3 | . 1 . 1 . . . . . . 1 . . Scanalyzer 2 | . . . . . . . . . . 2 . . Insert Component 1 | . . . . . . . . . . 1 . . Analyze 1 | . . . . . . . . . . 1 . . Garrison Access Hacks 3 | . . . . . 1 . 1 . . 1 . . Seal Access 3 | . . . . . 1 . 1 . . 1 . . Unauthorized Hacks 1 | . . . . . . . . . . 1 . . Terminals 1 | . . . . . . . . . . 1 . . Assimilate 1 | . . . . . . . . . . 1 . . Fabricators . | . . . . . . . . . . . . . Repair Stations . | . . . . . . . . . . . . . Recycling Units . | . . . . . . . . . . . . . Scanalyzers . | . . . . . . . . . . . . . Garrison Access . | . . . . . . . . . . . . . Data Cores Recovered . | . . . . . . . . . . . . . Used . | . . . . . . . . . . . . . Hacking Detections 16 | . 1 . 5 1 1 . . . . 5 3 . Full Trace Events 3 | . 1 . 1 . . . . . . . 1 . Feedback Events . | . . . . . . . . . . . . . Feedback Blocked . | . . . . . . . . . . . . . Robot Schematics Acquired . | . . . . . . . . . . . . . Robots Built . | . . . . . . . . . . . . . Authchips . | . . . . . . . . . . . . . Time . | . . . . . . . . . . . . . Total Robot Build Rating . | . . . . . . . . . . . . . Part Schematics Acquired 1 | . . . . . . . . . . 1 . . Parts Built . | . . . . . . . . . . . . . Authchips . | . . . . . . . . . . . . . Time . | . . . . . . . . . . . . . Total Part Build Rating . | . . . . . . . . . . . . . Parts Repaired . | . . . . . . . . . . . . . Time . | . . . . . . . . . . . . . Parts Recycled . | . . . . . . . . . . . . . Recycled Matter . | . . . . . . . . . . . . . Retrieved Matter . | . . . . . . . . . . . . . Retrieved Components . | . . . . . . . . . . . . . Parts Scanalyzed 1 | . . . . . . . . . . 1 . . Part Schematics Acquired 1 | . . . . . . . . . . 1 . . Parts Damaged . | . . . . . . . . . . . . . Bothacking | -11 -10 -10 -9 -8 -7 -7 -6 -5 -5 -4 -4 -4 ------------ Run | Yrd Mat Min Mat Mat Fac DSF Fac Fac DSF Fac Ext Cet Used RIF Installer . | . . . . . . . . . . . . . Robots Hacked . | . . . . . . . . . . . . . Non-combat . | . . . . . . . . . . . . . Combat . | . . . . . . . . . . . . . Robot Hacks Applied . | . . . . . . . . . . . . . Relay Couplers Released . | . . . . . . . . . . . . . Fabnet Peak Effective % . | . . . . . . . . . . . . . Robots Rewired . | . . . . . . . . . . . . . Allies Hacked . | . . . . . . . . . . . . . Hacks Repelled . | . . . . . . . . . . . . . Allies | -11 -10 -10 -9 -8 -7 -7 -6 -5 -5 -4 -4 -4 -------- Run | Yrd Mat Min Mat Mat Fac DSF Fac Fac DSF Fac Ext Cet Total Allies 3 | . . . . . . . . . . 1 2 . Largest Group 3 | . . . . . . . . . . 1 3 . Highest-Rated Group 85 | . . . . . . . . . . 10 85 . Highest-Rated Ally 46 | . . . . . . . . . . 10 46 . Initial Warlord ECA Mod 76 | . . . . . . . 9 8 8 17 17 17 Total Orders . | . . . . . . . . . . . . . Ally Attacks 11 | . . . . . . . . . . . 11 . Total Damage 409 | . . . . . . . . . . . 409 . Kills 3 | . . . . . . . . . . . 3 . Allies Corrupted . | . . . . . . . . . . . . . Allies Melted . | . . . . . . . . . . . . . Intel | -11 -10 -10 -9 -8 -7 -7 -6 -5 -5 -4 -4 -4 ------- Run | Yrd Mat Min Mat Mat Fac DSF Fac Fac DSF Fac Ext Cet Active Infowar (turns) 3199 | . . . . . . . . 118 287 1386 1347 61 A.S.S. 2111 | . . . . . . . . . 174 1386 551 . Machine Analysis 3199 | . . . . . . . . 118 287 1386 1347 61 Robot Analysis Total . | . . . . . . . . . . . . . Derelict Logs Recovered . | . . . . . . . . . . . . . Drone Launches . | . . . . . . . . . . . . . Drone Recoveries . | . . . . . . . . . . . . . Exploration | -11 -10 -10 -9 -8 -7 -7 -6 -5 -5 -4 -4 -4 ------------- Run | Yrd Mat Min Mat Mat Fac DSF Fac Fac DSF Fac Ext Cet Turns Passed 5092 | 35 210 49 658 275 75 272 315 122 287 1386 1347 61 Spaces Moved 2850 | 28 97 52 465 177 59 145 221 87 142 889 461 27 Core 26 | 13 1 . . . . . . . . . 12 . Treads . | . . . . . . . . . . . . . Legs 2437 | 15 73 . 183 177 59 145 221 87 142 889 427 19 Wheels 387 | . 23 52 282 . . . . . . . 22 8 Hover . | . . . . . . . . . . . . . Flight . | . . . . . . . . . . . . . Fastest Speed 50 | 50 95 95 80 120 120 120 130 128 128 130 110 80 Average Speed 134 | 87 117 95 104 120 120 121 130 128 128 130 199 159 Slowest Speed 1200 | 120 250 95 120 120 120 125 130 128 128 130 1200 190 Overloaded Moves . | . . . . . . . . . . . . . Propulsion Burnouts . | . . . . . . . . . . . . . Robots Hopped . | . . . . . . . . . . . . . Potential Cave-ins . | . . . . . . . . . . . . . Cave-ins Triggered . | . . . . . . . . . . . . . Exploration Rate (%) 31 | 3 24 15 47 25 3 95 9 3 95 22 55 16 Regions Visited 12 Branch Regions 3 Pre-discovered Areas . | . . . . . . . . . . . . . Known Exits Taken 3 | . . . . . 1 . . 1 . 1 . . Unknown Exits Taken 7 | 1 1 1 1 1 . . 1 . . . 1 . Scrap Searched . | . . . . . . . . . . . . . Spaces Dug . | . . . . . . . . . . . . . Terrain Destroyed 66 | . . . . 1 . . . . 1 35 29 . Melee . | . . . . . . . . . . . . . Projectile 48 | . . . . 1 . . . . 1 17 29 . AOE 18 | . . . . . . . . . . 18 . . Terrain Rammed . | . . . . . . . . . . . . . Walls Destroyed . | . . . . . . . . . . . . . Machines Disabled . | . . . . . . . . . . . . . Actions | -11 -10 -10 -9 -8 -7 -7 -6 -5 -5 -4 -4 -4 --------- Run | Yrd Mat Min Mat Mat Fac DSF Fac Fac DSF Fac Ext Cet Total 3551 | 38 138 51 555 214 63 197 246 96 187 1033 697 36 Wait 184 | . . . 20 6 . . . . . 96 62 . Move 2838 | 27 96 51 464 176 58 144 220 86 141 888 460 27 Hop . | . . . . . . . . . . . . . Pick Up 102 | 5 5 . 14 7 1 14 9 2 7 5 33 . Fast Attach 8 | 1 . . . 1 . . . . 2 2 . 2 Attach 71 | 5 2 . 5 3 2 1 4 3 2 4 38 2 Detach 2 | . . . . . . . 2 . . . . . Swap 33 | . 1 . 3 2 1 10 6 4 3 2 1 . Drop 36 | . 1 . 4 5 1 8 4 1 6 2 4 . Fire 255 | . 33 . 45 14 . 20 1 . 26 34 82 . Melee 22 | . . . . . . . . . . . 17 5 Ram . | . . . . . . . . . . . . . Kick . | . . . . . . . . . . . . . Crush . | . . . . . . . . . . . . . Escape Stasis . | . . . . . . . . . . . . . Rewire . | . . . . . . . . . . . . . Trap . | . . . . . . . . . . . . . Miscellaneous . | . . . . . . . . . . . . . Route ------- -11/Scrapyard -10/Materials -10/Mines -9/Materials -8/Materials -7/Factory -7/DSF -6/Factory -5/Factory -5/DSF -4/Factory -4/Extension (discovered 2 exits: [*Res] / [*Cet]) -4/Cetus History --------- Turn | Location | Event 21 | -11/Scrapyard | Discovered new exit (range 12) 36 | -11/Scrapyard | Entered Materials 230 | -10/Materials | Discovered new exit (range 16) 246 | -10/Materials | Entered Mines 291 | -10/Mines | Discovered new exit (range 5) 295 | -10/Mines | Entered Materials 295 | -9/Materials | Evolved 2 slots: Propulsion x1, Utility x1 307 | -9/Materials | Build established: Mutant 937 | -9/Materials | Discovered new exit (range 13) 953 | -9/Materials | Entered another Materials area 953 | -8/Materials | Evolved 2 slots: Power x1, Weapon x1 1213 | -8/Materials | Discovered new exit (range 13) 1228 | -8/Materials | Entered Factory 1228 | -7/Factory | Evolved 2 slots: Propulsion x1, Utility x1 1303 | -7/Factory | Identified exit to DSF 1303 | -7/Factory | Entered DSF 1340 | -7/DSF | Additional patrols routed to DSF 1342 | -7/DSF | Build established: Tank 1420 | -7/DSF | Discovered new exit (range 15) 1471 | -7/DSF | Sterilization system engaged 1491 | -7/DSF | Ambient heat levels rising (+10) 1506 | -7/DSF | Ambient heat levels rising (+10) 1521 | -7/DSF | Ambient heat levels rising (+10) 1536 | -7/DSF | Ambient heat levels rising (+10) 1551 | -7/DSF | Ambient heat levels rising (+10) 1566 | -7/DSF | Ambient heat levels rising (+10) 1575 | -7/DSF | Entered Factory 1575 | -6/Factory | Evolved 2 slots: Propulsion x1, Utility x1 1872 | -6/Factory | Discovered new exit (range 12) 1890 | -6/Factory | Entered another Factory area 1890 | -5/Factory | Evolved 2 slots: Propulsion x1, Utility x1 2012 | -5/Factory | Identified exit to DSF 2012 | -5/Factory | Entered DSF 2053 | -5/DSF | Additional patrols routed to DSF 2118 | -5/DSF | Lost 3 parts (1p2u) 2125 | -5/DSF | Found Prototype Device 2125 | -5/DSF | Identified Active Sensor Suite 2185 | -5/DSF | Discovered new exit (range 16) 2189 | -5/DSF | Sterilization system engaged 2209 | -5/DSF | Ambient heat levels rising (+10) 2224 | -5/DSF | Ambient heat levels rising (+10) 2239 | -5/DSF | Ambient heat levels rising (+10) 2254 | -5/DSF | Ambient heat levels rising (+10) 2269 | -5/DSF | Ambient heat levels rising (+10) 2284 | -5/DSF | Ambient heat levels rising (+10) 2297 | -5/DSF | Identified exit to Factory 2299 | -5/DSF | Ambient heat levels rising (+10) 2299 | -5/DSF | Entered Factory 2299 | -4/Factory | Evolved 2 slots: Propulsion x1, Utility x1 2438 | -4/Factory | Build established: Scavenger-Skirmisher 3104 | -4/Factory | Cargo convoy interrupted 3341 | -4/Factory | Build established: Skirmisher 3658 | -4/Factory | Discovered new exit (range 15) 3677 | -4/Factory | Identified exit to Extension 3685 | -4/Factory | Entered Extension 3685 | -4/Extension | Accompanied by 1 ally 3755 | -4/Extension | Rescued a captive Derelict 3756 | -4/Extension | Rescued a captive Derelict 4023 | -4/Extension | Lost 3 parts (1p2n) 4103 | -4/Extension | Lost 3 parts (1p2w) 4161 | -4/Extension | Spotted B-86 Titan 4190 | -4/Extension | Spotted B-86 Titan 4253 | -4/Extension | Destroyed B-86 Titan 4265 | -4/Extension | Destroyed B-86 Titan 4294 | -4/Extension | Lost 12 parts (2p5n3u2w) 4548 | -4/Extension | Lost 3 parts (1p1n1u) 4637 | -4/Extension | Core integrity fell below 50% 4725 | -4/Extension | Lost 7 parts (4n1u2w) 4784 | -4/Extension | Lost 5 parts (1p2n2u) 5002 | -4/Extension | Discovered new exit (range 16) 5002 | -4/Extension | Discovered new exit (range 16) 5032 | -4/Extension | Entered Cetus 5055 | -4/Cetus | Spotted Cetus Guard 5055 | -4/Cetus | Spotted Cetus Guard 5057 | -4/Cetus | Spotted Cetus Guard 5057 | -4/Cetus | Spotted Cetus Guard 5073 | -4/Cetus | Core integrity fell below 20% 5093 | -4/Cetus | Destroyed by Cetus Guard with Advanced KE Penetrator Last Messages --------------- 05083_ Penetrated by Slug. 05083_ Critical hit (Destroy). 05083_ Imp. Coolant Injector destroyed. 05084_ Adv. Power Amplifier destroyed. 05084_ Slug penetrates Cetus Guard. 05087_ Myomer Leg destroyed. 05087_ Penetrated by Slug. 05087_ Phasing Sabre destroyed. 05090_ Penetrated by Slug. 05090_ Powered Hammer destroyed. 05090_ Wheel destroyed. 05090_ Penetrated by Slug. 05091_ Cetus Guard suffers critical hit (Smash). 05091_ Destroyed Adv. Heat Sink. 05091_ Cetus Guard system corrupted by crushing effect. 05092_ Penetrated by Slug. 05093_ Powered Hammer destroyed. 05093_ Slug penetrates Wall. 05093_ Penetrated by Slug. Map ----- +----------------------------------------------------+ | ?????????????????????????????????????????????????? | | ?????????????????????????????????????????????????? | | ?????????????????????????????????????????????????? | | ?????????????????????????????????????????????????? | | ?????????????????????????????????????????????????? | | ?????????????????????????????????????????????????? | | ?????????????????????????????????????????????????? | | ?????????????????????????????????????????????????? | | ?????????????????????????????????????????????????? | | ?????????????????????????????????????????????????? | | ?????????????????? ????????????????????????????? | | ?????????????????# #???????????????????????????? | | ?????????????????# #???????????????????????????? | | ?????????????????# #???????????????????????????? | | ?????????????????# #???????????????????????????? | | ?????????????????# #???????????????????????????? | | ?????????????????# #???????????????????????????? | | ?????????????????# #???????????????????????????? | | ?????????????????# #???????????????????????????? | | ?????????????????# #???????????????????????????? | | ?????????????????# #???????????????????????????? | | ?????????????????# ##??????????????????????????? | | ?????????#?????### ## ??#####??????????????????? | | ########"#"#####;; ;;;##;Y ###????????????????? | | = +????????????????? | | = @Y w +????????????????? | | ![ Y +????????????????? | | ##############;#;;;#;#;;#;;Y ###????????????????? | | ?????????????#?####### ########??????????????????? | | ?????????????????????##??????????????????????????? | | ?????????????????????????????????????????????????? | | ?????????????????????????????????????????????????? | | ?????????????????????????????????????????????????? | | ?????????????????????????????????????????????????? | | ?????????????????????????????????????????????????? | | ?????????????????????????????????????????????????? | | ?????????????????????????????????????????????????? | | ?????????????????????????????????????????????????? | | ?????????????????????????????????????????????????? | | ?????????????????????????????????????????????????? | | ?????????????????????????????????????????????????? | | ?????????????????????????????????????????????????? | | ?????????????????????????????????????????????????? | | ?????????????????????????????????????????????????? | | ?????????????????????????????????????????????????? | | ?????????????????????????????????????????????????? | | ?????????????????????????????????????????????????? | | ?????????????????????????????????????????????????? | | ?????????????????????????????????????????????????? | | ?????????????????????????????????????????????????? | +----------------------------------------------------+ Best States ------------- Heat Dissipation 101 Coolant Potential 80 Energy Generation 46 Energy Capacity 380 Matter Stores 300 Matter Capacity 300 Sight Range 16 Robot Scan Range 20 Terrain Scan Density 10 Power Amplification 30 Armor Coverage 225 Resistance: KI 20 Resistance: TH 50 Resistance: EX 20 Resistance: EM 20 Resistance: I 20 Resistance: S 20 Resistance: P 20 Weapon Shielding 66 Evasion (%) 55 Matter Filtering 30 Energy Filtering 30 Kinecelleration 30 Offensive Hacking 10 Item Schematics ----------------- Imp. Cooling System | -4/Factory | Scanalyzed Robot Schematics ------------------ None Fabricated ------------ Nothing Repaired ---------- Nothing Alien Tech Used ----------------- None Achievements -------------- None Challenges ------------ None Game ------ Seed RocketBehemothSystem Manual? 0 Play Time 01:12:36 Cumulative 334.6 hours Start 2025.09.18 @ 05:25:30 End 2025.09.20 @ 00:27:12 Sessions 3 Manual Loads 0 Difficulty Adventurer Special Mode None Game No. 270 Rogue 0 Adventurer 207 Explorer 63 Win Type - Total 0 Types 0/0/0/0/0/0/0/0/0/0 Lore% 54 Gallery% 59 Achievement% 52 Wizard Run 0 Options --------- Layout 1 ASCII 0 Keyboard 0 Movement Mouse Keybinds 0 Fullscreen 2 Font 32/SmallcapsGlow Map View 50x35 Zoom Use 0% Tactical HUD 1 Map Filters NONE Filters NONE Steam 1 RUN: 2d9cb6b4-17b3-445b-ae7b-4f5baf733a7d